 Dungeon Crawl Stone Soup version 0.31.0 (webtiles) character file.

Game seed: 18100845833660414877

282 qw the Shooter (level 6, 0/38 HPs)
             Began as a Gargoyle Hunter on Jan 19, 2024.
             Slain by a sleepcap (3 damage)
             ... on level 4 of the Dungeon.
             The game lasted 00:00:08 (2411 turns).

qw the Shooter (Gargoyle Hunter)                    Turns: 2411, Time: 00:00:09

Health: 0/38       AC: 10    Str: 14    XL:     6   Next: 28%
Magic:  6/6        EV: 10    Int: 10    God:
Gold:   119        SH:  0    Dex: 15    Spells: 5/5 levels left

rFire   . . .        a - +1 shortbow
rCold   . . .        (shield currently unavailable)
rNeg    + . .        b - +0 ring mail
rPois   inf          d - +0 helmet
rElec   +            (no cloak)
rCorr   .            (no gloves)
SInv    .            (no boots)
Will    .....        (no amulet)
Stlth   +            (no ring)
HPRegen 0.26/turn    (no ring)
MPRegen 0.10/turn

%: no passive effects
@: no status effects
A: sickness immunity, AC +4, negative energy resistance 1, electricity
resistance, torment resistance 1, petrification resistance
a: no special abilities


You were on level 4 of the Dungeon.
You visited 1 branch of the dungeon, and saw 4 of its levels.

You collected 199 gold pieces.
You spent 80 gold pieces at shops.


Innate Abilities, Weirdness & Mutations

You are immune to sickness and miasma.
Your stone body is resilient. (AC +4)
You are immune to poison.
You resist negative energy. (rN+)
You are resistant to electric shocks. (rElec)
You are resistant to unholy torment.
You are immune to petrification.


   Skills:
 - Level 4.1 Fighting
 + Level 6.4 Ranged Weapons
 - Level 1.0 Armour
 - Level 1.5 Dodging
 - Level 1.1 Stealth


You had 5 spell levels left.
You didn't know any spells.
Your spell library was empty.

Inventory:

Hand Weapons
 a - a +1 shortbow (weapon)
Armour
 b - a +0 ring mail (worn)
 d - a +0 helmet (worn)
Scrolls
 c - a scroll of teleportation {unknown}
Potions
 e - 2 potions of enlightenment
 f - a potion of haste
 h - 2 potions of curing

Dungeon Overview and Level Annotations

Branches:
Dungeon (4/15)
 Temple: D:4-7

Altars:
Elyvilon
Kikubaaqudgha
Nemelex Xobeh
Qazlal
Sif Muna
Vehumet

Shops:
D:3 !


Message History

You shoot an arrow. The arrow barely misses the iguana.
The arrow hits the sleepcap.
The sleepcap is heavily damaged.
The iguana barely misses you.
You shoot an arrow.
The arrow hits the iguana but does no damage.
The iguana is almost dead.
The iguana closely misses you.
You shoot an arrow. The arrow hits the iguana.
You kill the iguana!
You shoot an arrow. The arrow hits the hobgoblin.
The hobgoblin is heavily wounded.
The hobgoblin barely misses you.
You shoot an arrow. The arrow barely misses the hobgoblin.
The arrow hits the sleepcap.
The sleepcap is severely damaged.
The hobgoblin hits you but does no damage.
The hobgoblin closely misses you.
You shoot an arrow.
The arrow completely misses the hobgoblin.
The arrow hits the sleepcap.
The sleepcap is severely damaged.
The hobgoblin closely misses you.
You shoot an arrow. The arrow hits the hobgoblin!
You kill the hobgoblin!
You shoot an arrow. The arrow hits the sleepcap.
The sleepcap is almost destroyed.
The sleepcap releases spores at you but does no damage.
You shoot an arrow. The arrow hits the sleepcap.
The sleepcap is almost destroyed.
The sleepcap releases spores at you but does no damage.
You shoot an arrow.
The arrow completely misses the sleepcap.
The sleepcap releases spores at you.
The sleepcap releases spores at you but does no damage.
You shoot an arrow.
The arrow hits the sleepcap but does no damage.
The sleepcap is almost destroyed.
The sleepcap releases spores at you.
You die...

#.#...# f. .. #.#...# .#
#.##.....# l.#. ......# .#.
#.#...# .. .. #.#...####..
#. #...........
#.##.#.##.+.........
...............f@.#.........
#......#######.####.........
....... ... ####........
...... #### #...........
..##.# #..........##
..##.### #.............
.......# #.............
.....#.# #............
..###<.# #..........#


You could see a sleepcap.

Vanquished Creatures
  A phantom (D:4)
  A scorpion (D:4)
  A hound (D:4)
  An iguana (D:4)
  4 adders
  A dart slug (D:1)
  4 endoplasms
  6 giant cockroaches
  5 goblins (D:1)
  5 hobgoblins
  3 quokkas
  3 ball pythons (D:1)
  11 bats
  3 frilled lizards
  5 kobolds
  5 rats
59 creatures vanquished.

Vanquished Creatures (others)
  A human (D:3)
1 creature vanquished.

Grand Total: 60 creatures vanquished

Notes
Turn   | Place    | Note
-------+----------+-------------------------------------------
     0 | D:1      | qw the Gargoyle Hunter began the quest for the Orb.
     0 | D:1      | Reached XP level 1. HP: 12/12 MP: 1/1
     0 | D:1      | 0 ||| qw: Version: 0.3-a-132-g3d54051
     0 | D:1      | 0 ||| qw: Game counter: 292
     0 | D:1      | 0 ||| qw: Melee chars always use a shield: true
     0 | D:1      | 0 ||| qw: God list: Okawaru
     0 | D:1      | 0 ||| qw: Allow faded altars: false
     0 | D:1      | 0 ||| qw: Do Orc after clearing Dungeon:15 true
     0 | D:1      | 0 ||| qw: Do second Lair branch before Depths: true
     0 | D:1      | 0 ||| qw: Lair rune preference: random
     0 | D:1      | 0 ||| qw: Goals: Normal
     0 | D:1      | 0 ||| PLANNING D:1-11
   110 | D:1      | Reached XP level 2. HP: 17/17 MP: 2/2
   116 | D:1      | Noticed a glass eye
   263 | D:1      | Reached XP level 3. HP: 14/21 MP: 3/3
   286 | D:1      | Reached skill level 5 in Ranged Weapons
   305 | D:1      | Found a faded altar of an unknown god.
   307 | D:1      | Noticed a golden eye
   307 | D:1      | Noticed an eye of devastation
   307 | D:1      | Noticed a glass eye
   596 | D:1      | 596 ||| UPGRADING to +0 helmet.
   601 | D:1      | 601 ||| READING scroll labelled VUGUUPTIRA.
   601 | D:1      | 601 ||| ENCHANTING +0 shortbow.
   602 | D:1      | 602 ||| READING 2 scrolls labelled WICKUG WEITO.
   602 | D:1      | 602 ||| IDENTIFYING fuming pink potion
   603 | D:1      | 603 ||| DROPPING scroll of butterflies.
   768 | D:2      | Reached skill level 3 in Fighting
   927 | D:2      | Reached XP level 4. HP: 28/28 MP: 4/4
  1435 | D:2      | 1435 ||| UPGRADING to +0 ring mail.
  1445 | D:2      | 1445 ||| DROPPING +0 leather armour.
  1446 | D:2      | 1446 ||| READING 2 scrolls of identify.
  1446 | D:2      | 1446 ||| IDENTIFYING puce potion
  1447 | D:2      | 1447 ||| READING scroll of identify.
  1447 | D:2      | 1447 ||| IDENTIFYING fuming black potion
  1448 | D:2      | 1448 ||| READING scroll labelled OXUKLUTHRYC.
  1449 | D:2      | 1449 ||| DRINKING 2 murky green potions.
  1450 | D:2      | 1450 ||| DROPPING potion of lignification.
  1484 | D:3      | Found a stormy altar of Qazlal.
  1548 | D:3      | Found a radiant altar of Vehumet.
  1548 | D:3      | Found a sparkling altar of Nemelex Xobeh.
  1548 | D:3      | Found a white marble altar of Elyvilon.
  1548 | D:3      | Found a shimmering blue altar of Sif Muna.
  1603 | D:3      | Reached skill level 1 in Armour
  1744 | D:3      | Found an ancient bone altar of Kikubaaqudgha.
  1747 | D:3      | Noticed a human
  1749 | D:3      | Killed a human
  1842 | D:3      | Found Larey's Distillery.
  1853 | D:3      | 1853 ||| BUYING potion of curing (30 gold).
  1853 | D:3      | Bought a potion of curing for 30 gold pieces
  1853 | D:3      | 1853 ||| BUYING potion of enlightenment (50 gold).
  1853 | D:3      | Bought a potion of enlightenment for 50 gold pieces
  1853 | D:3      | 1853 ||| SHOPLISTING potion of mutation (80 gold, have 67).
  2032 | D:3      | 2032 ||| READING 3 scrolls labelled HAYDED MO DOTUA.
  2033 | D:3      | 2033 ||| FLEEEEING.
  2143 | D:3      | 2143 ||| READING scroll labelled KOELUG BAIN.
  2144 | D:3      | 2144 ||| READING scroll labelled YPREL PY MIX.
  2145 | D:3      | 2145 ||| READING scroll labelled HOHAUTHR TIECUEF.
  2146 | D:3      | 2146 ||| READING scroll labelled RYHU DAXELEPT.
  2147 | D:3      | 2147 ||| DRINKING 2 pink potions.
  2148 | D:3      | 2148 ||| DROPPING 2 scrolls of vulnerability.
  2149 | D:3      | 2149 ||| DROPPING potion of attraction.
  2161 | D:4      | Noticed a phantom
  2185 | D:4      | Killed a phantom
  2186 | D:4      | Reached skill level 6 in Ranged Weapons
  2186 | D:4      | Reached XP level 5. HP: 11/32 MP: 5/5
  2186 | D:4      | 2186 ||| FLEEEEING.
  2328 | D:4      | Reached XP level 6. HP: 34/38 MP: 6/6
  2328 | D:4      | 2328 ||| FLEEEEING.
  2389 | D:4      | 2389 ||| RETREEEEATING.
  2400 | D:4      | HP: 4/38 [iguana (9)]
  2410 | D:4      | HP: 3/38 [sleepcap (5)]
  2411 | D:4      | Slain by a sleepcap

Levels and vault maps discovered:
D:1:      wander_arrival_abandoned_jail, layout_rooms,
          hellmonk_ecumenical_altar_watching_god, kennysheep_boxes
D:2:      layout_basic, minmay_misc_feat_x
D:3:      layout_loops_ring, nicolae_qazlal_scattered_showers,
          chequers_temple_overflow_statue_of_worship, tgw_kikubaaqudgha,
          serial_shops, shop, minmay_misc_feat_secret_circle
D:4:      layout_basic, minmay_temple_entry_statues_fountains, serial_glass,
          glass_columns_a, glass_columns_b, hangedman_decor_opposing,
          minmay_diced_spiral

Skill      XL: |  1  2  3  4  5 |
---------------+----------------+-----
Ranged Weapons | 5 6 |  6.4
Fighting       | 3 4 |  4.1
Armour         | 1 |  1.0
Dodging        | |  1.5
Stealth        | |  1.1

Action                     |  1- 3 |  4- 6 || total
---------------------------+-------+-------++-------
   Fire: Shortbow          |   109 |   104 ||   213
    Use: Scroll            |     2 |     8 ||    10
         Potion            |       |     2 ||     2
 Armour: Leather armour    |    36 |     3 ||    39
         Ring mail         |       |    61 ||    61
  Dodge: Dodged            |    35 |    43 ||    78

Table legend:
 A = Non-vault XP
 B = Vault XP
 C = Vault XP percentage of total XP
 D = Non-vault monster count
 E = Vault monster count
 F = Vault count percentage of total count
                 A         B        C        D         E       F
            +---------+---------+-------+---------+---------+-------
      Total |     322 |      81 |  20.1 |      56 |       3 |   5.1
            +---------+---------+-------+---------+---------+-------
        D:1 |      50 |       0 |   0.0 |      29 |       0 |   0.0
        D:2 |      40 |       0 |   0.0 |      11 |       0 |   0.0
        D:3 |      43 |       0 |   0.0 |      12 |       0 |   0.0
        D:4 |     189 |      81 |  30.0 |       4 |       3 |  42.9
            +---------+---------+-------+---------+---------+-------
